AoeStats
← [GG] Shevchenko 7

Highland

505138628Analyzed
4v4 RM · 26d ago on Sep 8, 2026· 44m 16s· 8 players
Game mode
Random Map
Map size
Large (8 player)
Population
200
Speed
Normal
Resources
Standard
Victory
Conquest
Starting age
Dark Age
Ending age
Imperial Age
RankedLock teamsTeams togetherTeam positionsShared explorationLock speedFull tech treeHidden civsTurbo modeCheats
Victory
Defeat
1078
+12
🇧🇷 Magyars · Brazil
1067
+13
🇧🇷 Portuguese · Brazil
1021
+15
🇧🇷 Turks · Brazil
999
+16
🇨🇴 Gurjaras · Colombia
1107
-19
🇦🇷 Hindustanis · Argentina
1005
-14
🇨🇱 Aztecs · Chile
976
-13
🇨🇳 Khitans · China
898
-10
jnasuf
2:33 Loom
10:44 Feudal Age
15:34 Castle Age
13:41 Gold Mining
16:31 Bloodlines
20:10 Horse Collar
待有时
11:20 Feudal Age
15:52 Castle Age
13:40 Double-Bit Axe
13:44 Domestication
16:56 Pastoralism
17:07 Bow Saw
23:10 Wheelbarrow
24:12 Gold Mining
25:10 Stone Mining
26:42 Stone Shaft Mining
29:23 Hand Cart
28:55 Loom
28:55 Town Watch
28:41 Pikeman
29:24 Squires
29:10 Arson
30:33 Fletching
30:43 Padded Archer Armor
30:45 Scale Mail Armor
30:55 Forging
30:51 Scale Barding Armor
31:10 Ballistics
31:01 Masonry
31:01 Fortified Wall
34:20 Imperial Age
31:55 Town Patrol
31:53 Bodkin Arrow
32:14 Leather Archer Armor
33:33 Chain Mail Armor
34:01 Thumb Ring
33:17 Heavy Cavalry Archer
35:13 Chain Barding Armor
35:28 Iron Casting
35:44 Parthian Tactics
35:54 Bracer
36:24 Ring Archer Armor
36:57 Chemistry
36:02 Siege Engineers
36:19 Conscription
37:12 Two-Man Saw
36:07 Light Cavalry
36:47 Husbandry
37:14 Hussar
39:23 Plate Barding Armor
38:59 Elite Skirmisher
40:15 Plate Mail Armor
41:12 Ordo Cavalry
41:14 Lamellar Armor
43:05 Transhumance
Lizard
0:30 Loom
11:49 Feudal Age
17:34 Castle Age
15:42 Double-Bit Axe
17:53 Light Cavalry
22:47 Forging
24:06 Bow Saw
31:20 Imperial Age
31:09 Iron Casting
30:40 Scale Barding Armor
30:57 Bloodlines
30:50 Husbandry
30:47 Gold Mining
32:09 Gold Shaft Mining
31:41 Scale Barding Armor
32:29 Wheelbarrow
32:22 Heavy Camel Rider
33:27 Horse Collar
34:32 Heavy Plow
34:10 Imperial Camel Rider
37:12 Hand Cart
36:45 Town Watch
38:13 Two-Man Saw
38:01 Chain Barding Armor
38:56 Blast Furnace
38:41 Grand Trunk Road
40:53 Ballistics
42:04 Town Patrol
42:24 Scale Mail Armor
42:18 Fletching
42:55 Thumb Ring
44:09 Chemistry
44:04 Plate Barding Armor
43:31 Bodkin Arrow
43:54 Elite Skirmisher
44:38 Padded Archer Armor
44:40 Bracer
Tesla
2:17 Loom
2:40 Loom
11:02 Feudal Age
12:28 Wheelbarrow
11:51 Double-Bit Axe
14:16 Stone Mining
15:56 Town Watch
21:06 Horse Collar
21:20 Fishing Lines
24:51 Castle Age
22:45 Man-at-Arms
23:11 Arson
23:59 Gold Mining
25:51 Gillnets
26:09 Eagle Warrior
28:20 Hand Cart
29:59 Squires
30:03 Pikeman
33:17 Bow Saw
35:27 Forging
35:18 Scale Mail Armor
39:12 Imperial Age
38:36 Gambesons
38:22 Long Swordsman
39:41 Two-Handed Swordsman
41:29 Gold Shaft Mining
41:30 Conscription
44:13 Iron Casting
43:54 Chain Mail Armor
44:40 Heavy Plow
[GG] Raúl González Blanco
10:19 Feudal Age
17:21 Castle Age
16:30 Loom
23:06 Loom
23:29 Town Watch
26:05 Scale Barding Armor
25:56 Double-Bit Axe
26:06 Horse Collar
27:14 Heavy Plow
27:19 Kamandaran
28:24 Chain Barding Armor
28:32 Bloodlines
28:22 Husbandry
28:51 Bow Saw
29:29 Town Patrol
30:16 Fletching
30:36 Forging
30:43 Husbandry
31:56 Wheelbarrow
31:15 Crossbowman
36:17 Imperial Age
35:41 Bodkin Arrow
36:22 Iron Casting
35:47 Scale Mail Armor
35:48 Padded Archer Armor
35:56 Thumb Ring
37:24 Cavalier
39:47 Plate Barding Armor
39:27 Leather Archer Armor
40:13 Blast Furnace
39:28 Chain Mail Armor
40:29 Chemistry
40:19 Ballistics
40:46 Caravan
43:23 Ring Archer Armor
43:39 Fervor
45:23 Plate Mail Armor
[GG] Trezeguet
9:40 Feudal Age
9:45 Loom
15:48 Castle Age
14:24 Double-Bit Axe
15:06 Horse Collar
22:59 Corvinian Army
29:39 Wheelbarrow
29:40 Scale Barding Armor
29:37 Scale Mail Armor
31:01 Chain Mail Armor
42:27 Imperial Age
40:22 Caravan
41:34 Chain Barding Armor
44:38 Bloodlines
44:38 Husbandry
[GG] Shevchenko 7
5:16 Loom
12:07 Feudal Age
14:14 Scale Barding Armor
14:20 Forging
14:47 Town Watch
16:04 Bloodlines
21:54 Castle Age
26:41 Wheelbarrow
26:46 Husbandry
27:46 Chain Barding Armor
28:59 Iron Casting
32:44 Double-Bit Axe
32:42 Horse Collar
32:56 Gold Mining
33:04 Stone Mining
39:12 Imperial Age
37:55 Hand Cart
38:00 Light Cavalry
38:49 Scale Mail Armor
41:36 Chemistry
41:13 Chain Mail Armor
43:13 Arquebus
43:45 Ballistics
44:27 Plate Barding Armor
45:07 Blast Furnace
[GG] Ibrahimovic
4:53 Loom
13:41 Feudal Age
14:08 Double-Bit Axe
14:07 Horse Collar
19:51 Castle Age
18:11 Town Watch
19:02 Town Watch
21:05 Bow Saw
26:11 Imperial Age
27:13 Padded Archer Armor
29:49 Leather Archer Armor
31:31 Two-Man Saw
33:06 Wheelbarrow
32:17 Town Watch
36:15 Ring Archer Armor
40:17 Hand Cart
40:04 Town Patrol
40:52 Caravan
40:59 Caravan
Connection lost

Rejoining the realm…

Still unreachable

The connection could not be restored.

Session expired

The server has moved on; the page needs a fresh start.